 Dungeon Crawl Stone Soup version 0.22-a0-525-gf69a080 (webtiles) character file.

34 4thArraOfDagon the Conjurer (level 3, -2/14 HPs)
             Began as a Felid Conjurer on June 20, 2018.
             Slain by an ogre
             ... wielding a +0 giant club
              (14 damage)
             ... on level 4 of the Dungeon.
             The game lasted 00:03:25 (686 turns).

4thArraOfDagon the Conjurer (Felid Conjurer)         Turns: 686, Time: 00:03:25

Health: -2/14      AC:  1    Str:  4    XL:     3   Next: 14%
Magic:  7/7        EV: 24    Int: 17    God:
Gold:   46         SH:  0    Dex: 21    Spells: 5/6 levels left
                                        Lives:  0   Deaths: 0

rFire    x . .     SeeInvis +     - Unarmed
rCold    + . .     Gourm    .   (shield unavailable)
rNeg     . . .     Faith    .   (armour unavailable)
rPois    .         Spirit   .   (helmet unavailable)
rElec    .         Reflect  .   (cloak unavailable)
rCorr    .         Harm     .   (gloves unavailable)
MR       .....                  (boots unavailable)
Stlth    ++++......             (no amulet)
HPRegen  0.04/turn              d - ring of ice
MPRegen  0.10/turn              (no ring)

@: agile, quick
A: very small, no armour, no weapons or thrown items, stealth, claws 1, fangs 3,
see invisible, carnivore, speed 1, shaggy fur 1, slow metabolism 1, sharp paws
a: no special abilities


You were on level 4 of the Dungeon.
You were very full.

You visited 1 branch of the dungeon, and saw 4 of its levels.

You collected 46 gold pieces.

Inventory:

Jewellery
 d - a ring of ice (left paw)
Scrolls
 a - a scroll of fog {unknown}
 c - a scroll of amnesia {unknown}
 f - a scroll of teleportation {unknown}
Potions
 h - a potion of magic
Comestibles
 b - 2 rations


   Skills:
 + Level 3.5 Dodging
 - Level 2.6 Stealth
 * Level 2.2 Unarmed Combat
 - Level 2.0 Spellcasting
 - Level 3.6 Conjurations


You had 5 spell levels left.
You knew the following spells:

 Your Spells              Type           Power        Failure   Level  Hunger
a - Magic Dart            Conj           ##..         4%          1    #......

Your spell library contained the following spells:

 Spells                   Type           Power        Failure   Level  Hunger
 Iskenderun's Mystic Bla  Conj           ##......     41%         4    #####..
 Fulminant Prism          Conj/Hex       #.........   67%         4    #####..
 Dazzling Spray           Conj/Hex       #.....       28%         3    ###....
 Force Lance              Conj/Tloc      #.......     67%         4    #####..
 Searing Ray              Conj           ##....       7%          2    ###....


Dungeon Overview and Level Annotations

Branches:
Dungeon (4/15)             Temple (0/1) D:4

Altars:


Innate Abilities, Weirdness & Mutations

You cannot wear armour.
You are incapable of wielding weapons or throwing items.
Your paws allow you to move quietly. (Stealth)
You have sharp claws.
You have razor-sharp teeth.
You have supernaturally acute eyesight. (SInv)
You are carnivorous and can eat meat at any time.
You cover ground quickly.
You are covered in fur. (AC +1)
You have a slow metabolism.
Your sharp claws are effective at attacking unaware monsters.


Message History

As you read the scroll of identify, it crumbles to dust.
h - a potion of magic You feel agile all of a sudden.
Found a staircase to the Ecumenical Temple.
Unknown command.
Unknown command.
Unknown command.
Unknown command.
You pounce on the unaware helpless ogre!
You claw the ogre! Your bite misses the ogre.
The ogre is moderately wounded.
The ogre misses you.
You scratch the ogre but do no damage.
The ogre is moderately wounded.
Unknown command.
You scratch the ogre.
The ogre is heavily wounded.
The ogre hits you with a giant club!
Ouch! That really hurt!
You die...

#.....##+#####
###..........#
#......$...#
#..........#
#..........#
########.######
.............#
.............#
...P...@.....#
...>.P..O....#
#......##.####
#.....# +#
######


You could see an ogre.

Vanquished Creatures
  An adder (D:2)
  A dart slug (D:1)
  A leopard gecko (D:2)
  2 bats
  2 goblins
  4 hobgoblins
  2 quokkas
  3 frilled lizards (D:3)
  4 kobolds
  2 rats (D:3)
22 creatures vanquished.

Vanquished Creatures (others)
  A rat (D:1)
1 creature vanquished.

Grand Total: 23 creatures vanquished

Notes
Turn   | Place    | Note
-------+----------+-------------------------------------------
     0 | D:1      | 4thArraOfDagon the Felid Conjurer began the quest for the Orb.
     0 | D:1      | Reached XP level 1. HP: 7/7 MP: 4/4
   122 | D:1      | Reached skill level 1 in Unarmed Combat
   172 | D:1      | Reached XP level 2. HP: 4/11 MP: 3/6
   505 | D:3      | Reached XP level 3. HP: 10/14 MP: 1/7
   669 | D:4      | Noticed an ogre
   680 | D:4      | Found a staircase to the Ecumenical Temple.
   686 | D:4      | Slain by an ogre

Vault maps used:
D:1:      wheals_arrival_shading, minmay_misc_feat_five
D:2:      minmay_wonky_spiral, eat_drink_and_be_merry_uskayaw,
          nemelex_xobeh_ov_fountains_minmay, first_ration, dk_noncrumbling_2
D:3:      cheibrodos_old_hovel, grunt_decor_fettered
D:4:      grunt_temple_overflow_bloody_war, minmay_temple_entry_overgrown,
          uniq_blork_the_orc

Skill      XL: |  1  2 |
---------------+-------+-----
Dodging        | 3 |  3.5
Unarmed Combat | 1 2 |  2.2
Stealth        | |  2.6
Spellcasting   | |  2.0
Conjurations   | |  3.6

Action                   || total
-------------------------++-------
Melee: Unarmed           ||    32
       Bite              ||     4
 Cast: Magic Dart        ||    37
  Use: Potion            ||     3
       Scroll            ||     2
 Stab: Sleeping          ||     2
  Eat: Chunk             ||     7
Armor: Skin              ||     1
Dodge: Dodged            ||    24

Table legend:
 A = Spawn XP
 B = Non-spawn XP
 C = Spawn XP percentage of total XP
 D = Spawn monster count
 E = Non-spawn monster count
 F = Spawn count percentage of total count
 G = Total turns spent on level
                    A         B        C        D         E        F      G
               +---------+---------+-------+---------+---------+-------+---------
         Total |       0 |      49 |   0.0 |       0 |      22 |   0.0 |   686
               +---------+---------+-------+---------+---------+-------+---------
           D:1 |       0 |      13 |   0.0 |       0 |       6 |   0.0 |   212
           D:2 |       0 |      18 |   0.0 |       0 |       3 |   0.0 |   174
           D:3 |       0 |      18 |   0.0 |       0 |      13 |   0.0 |   269
               +---------+---------+-------+---------+---------+-------+---------
